 Dungeon Crawl Stone Soup version 0.21.1 (webtiles) character file.

5563 pk666 the Cleaver (level 10, -1/92 HPs)
             Began as a Minotaur Berserker on Feb 4, 2018.
             Was an Elder of Trog.
             Slain by an ogre
             ... wielding a +0 giant spiked club
              (7 damage)
             ... on level 10 of the Dungeon.
             The game lasted 00:23:40 (7987 turns).

pk666 the Cleaver (Minotaur Berserker)              Turns: 7987, Time: 00:23:41

Health: -1/92      AC: 19    Str: 26    XL:     10   Next: 44%
Magic:  9/9        EV: 11    Int:  4    God:    Trog [****..]
Gold:   367        SH:  0    Dex:  9    Spells: 9/9 levels left

rFire    . . .     SeeInvis .   m - +1 war axe
rCold    + . .     Gourm    .   (no shield)
rNeg     . . .     Faith    .   u - +1 chain mail
rPois    .         Spirit   .   (helmet restricted)
rElec    .         Reflect  .   (no cloak)
rCorr    .         Harm     .   E - +0 pair of gloves
MR       .....                  B - +0 pair of boots
Stlth    ..........             d - amulet of magic regeneration
HPRegen  0.25/turn              p - ring of protection from cold
MPRegen  0.36/turn              w - +5 ring of protection

@: berserk cooldown, slowed, very slow
A: retaliatory headbutt, horns 2
a: Berserk, Trog's Hand, Brothers in Arms, Burn Spellbooks, Renounce Religion


You were on level 10 of the Dungeon.
You worshipped Trog.
Trog was greatly pleased with you.
You were not hungry.

You visited 2 branches of the dungeon, and saw 13 of its levels.

You collected 367 gold pieces.

Inventory:

Hand Weapons
 m - a +1 war axe (weapon)
Armour
 u - a +1 chain mail (worn)
 B - a +0 pair of boots (worn)
 E - a +0 pair of gloves (worn)
 H - the +4 leather armour of the Constellations {rF+ rC+ Str+4}
   (You found it on level 8 of the Dungeon)

   It affects your strength (+4).
   It protects you from fire.
   It protects you from cold.
Jewellery
 d - an amulet of magic regeneration (around neck)
 p - a ring of protection from cold (left hand)
 w - a +5 ring of protection (right hand)
 I - a cursed ring of teleportation {unknown}
Wands
 v - a wand of enslavement (13)
 x - a wand of random effects (15)
 C - a wand of iceblast (7)
 F - a wand of digging (10)
Scrolls
 a - 2 scrolls of remove curse
 b - a scroll of magic mapping {unknown}
 e - 8 scrolls of identify
 f - a scroll of random uselessness
 o - 3 scrolls of teleportation {unknown}
 q - a scroll of brand weapon {unknown}
 y - 4 scrolls of fog {unknown}
 A - 2 scrolls of enchant weapon
 G - a scroll of amnesia {unknown}
Potions
 g - a potion of mutation {unknown}
 h - a potion of flight {unknown}
 i - a potion of heal wounds {unknown}
 j - 2 potions of might {unknown}
 k - a potion of berserk rage {unknown}
 l - a potion of magic {unknown}
 n - 4 potions of lignification
 r - a potion of agility {unknown}
 t - a potion of haste {unknown}
 z - a potion of curing {unknown}
 D - a potion of ambrosia {unknown}
Books
 s - the Collected Works on the Lucky Mountains
   (You found it on level 5 of the Dungeon)

   Spells                             Type                      Level
   a - Song of Slaying                Charms                       2
   b - Regeneration                   Charms/Necromancy            3
   c - Lee's Rapid Deconstruction     Earth                        5
   d - Iron Shot                      Conjuration/Earth            6
   Trog disapproves of the use of such an item.
Comestibles
 c - 19 rations
 J - 7 chunks of flesh


   Skills:
 + Level 9.7 Fighting
 * Level 12.6 Axes
 + Level 7.9 Armour
 + Level 7.1 Dodging


You had 9 spell levels left.
You didn't know any spells.

Dungeon Overview and Level Annotations

Branches:
Dungeon (12/15)            Temple (1/1) D:4            Lair (0/6) D:8
    Orc: D:9-12

Altars:
Cheibriados
Dithmenos
Kikubaaqudgha
Makhleb
Nemelex Xobeh
Ru
Sif Muna
Trog
Vehumet
Xom


Innate Abilities, Weirdness & Mutations

You reflexively headbutt those who attack you in melee.
You have a pair of horns on your head.


Message History

Things that are here:
21 stones; a yak corpse You start resting.
An ogre comes into view. It is wielding a giant spiked club.
The ogre shouts!
The ogre hits you with a giant spiked club.
* * * LOW HITPOINT WARNING * * *
You slash the ogre!
The ogre is heavily wounded.
You barely miss the ogre.
The ogre is heavily wounded.
The ogre hits you with a giant spiked club!
* * * LOW HITPOINT WARNING * * *
You hit the ogre.
The ogre is severely wounded.
The ogre closely misses you.
You barely miss the ogre.
The ogre is severely wounded.
The ogre hits you with a giant spiked club!
You die...

#...........#
#.........#
#.........#
#.........### #.
#...........######...
#......)....)....)...
#..........).......#
#........O.>.)...#
#..(......@.(....#
##...........)...#
##.....#...!....#
#######........#
##########


You could see an ogre.

Vanquished Creatures
  A death yak (D:7)
  Joseph (D:6)
  Sigmund (D:2)
  A vampire (D:11)
  A yak (D:10)
  Menkaure (D:4)
  Duvessa (D:7)
  4 ice beasts
  3 orc warriors (D:6)
  2 phantoms (D:5)
  2 black bears (D:9)
  5 ogres
  3 centaurs
  A bullfrog (D:6)
  Dowan (D:7)
  A scorpion (D:5)
  2 vampire bats (D:4)
  3 crimson imps
  A bullfrog zombie (D:6)
  An orc priest (D:4)
  2 centaur skeletons
  2 iguanas (D:7)
  10 orc wizards
  3 worker ants
  Robin (D:2)
  12 adders
  A shadow imp (D:7)
  2 oozes (D:2)
  An adder skeleton (D:6)
  3 worms
  A dart slug (D:1)
  4 leopard geckos
  36 orcs
  7 bats
  4 bat skeletons (D:4)
  A bat zombie (D:4)
  15 giant cockroaches
  13 goblins
  10 hobgoblins
  8 jackals
  5 kobolds (D:1)
  5 quokkas
  7 frilled lizards
  2 quokka skeletons
  8 rats
  A bush (D:1)
200 creatures vanquished.

Vanquished Creatures (collateral kills)
  2 two-headed ogres
  3 yaks (D:10)
  A soldier ant (D:10)
  A crimson imp (D:10)
  An orc wizard (D:10)
  A worker ant (D:8)
  An adder zombie (D:8)
  4 orcs (D:10)
14 creatures vanquished.

Grand Total: 214 creatures vanquished

Notes
Turn   | Place    | Note
-------+----------+-------------------------------------------
     0 | D:1      | pk666 the Minotaur Berserker began the quest for the Orb.
     0 | D:1      | Reached XP level 1. HP: 19/19 MP: 0/0
   139 | D:1      | Reached skill level 4 in Axes
   142 | D:1      | Reached XP level 2. HP: 25/27 MP: 1/1
   616 | D:2      | Reached XP level 3. HP: 34/34 MP: 2/2
   814 | D:2      | Reached ** piety under Trog
   852 | D:2      | Noticed Robin
   860 | D:2      | Reached skill level 5 in Axes
   868 | D:2      | Killed Robin
   868 | D:2      | Reached XP level 4. HP: 26/41 MP: 3/3
  1092 | D:2      | Noticed Sigmund
  1104 | D:2      | Killed Sigmund
  1104 | D:2      | Reached skill level 5 in Fighting
  1104 | D:2      | Reached skill level 6 in Axes
  1104 | D:2      | Reached XP level 5. HP: 42/49 MP: 4/4
  1125 | D:2      | You fall through a shaft for 2 floors!
  1125 | D:4      | Noticed a centaur
  1132 | D:4      | Killed a centaur
  1132 | D:4      | Reached skill level 7 in Axes
  1132 | D:4      | Reached XP level 6. HP: 41/57 MP: 5/5
  1140 | D:4      | Found a sparkling altar of Nemelex Xobeh.
  1643 | D:3      | Found a deep blue altar of Sif Muna.
  1912 | D:3      | Reached *** piety under Trog
  2207 | D:4      | Reached XP level 7. HP: 63/64 MP: 6/6
  2331 | D:4      | Noticed Menkaure
  2339 | D:4      | Reached skill level 8 in Axes
  2353 | D:4      | HP: 3/64 [something/magic dart (9)]
  2663 | D:4      | Killed Menkaure
  2903 | D:4      | Reached **** piety under Trog
  2921 | D:4      | Found a staircase to the Ecumenical Temple.
  2930 | Temple   | Entered the Ecumenical Temple
  3203 | D:4      | Found an ancient bone altar of Kikubaaqudgha.
  3444 | D:5      | Entered Level 5 of the Dungeon
  3490 | D:5      | Found a snail-covered altar of Cheibriados.
  3510 | D:5      | Reached skill level 9 in Axes
  3510 | D:5      | Reached XP level 8. HP: 54/73 MP: 7/7
  3978 | D:5      | Found a shadowy altar of Dithmenos.
  4112 | D:5      | Identified the Collected Works on the Lucky Mountains
  4645 | D:6      | Reached skill level 5 in Armour
  4843 | D:6      | Found a sparkling altar of Nemelex Xobeh.
  4866 | D:6      | Found a radiant altar of Vehumet.
  4867 | D:6      | Found a burning altar of Makhleb.
  5081 | D:7      | Noticed Joseph
  5088 | D:6      | Reached skill level 10 in Axes
  5120 | D:6      | Killed Joseph
  5120 | D:6      | Reached skill level 5 in Dodging
  5120 | D:6      | Reached XP level 9. HP: 40/81 MP: 8/8
  5691 | D:7      | Reached ***** piety under Trog
  5691 | D:7      | Reached skill level 11 in Axes
  6151 | D:7      | Noticed Duvessa
  6151 | D:7      | Noticed Dowan
  6159 | D:7      | Killed Duvessa
  6161 | D:7      | Killed Dowan
  6623 | D:8      | Noticed a two-headed ogre
  6633 | D:8      | Killed a two-headed ogre
  6892 | D:8      | Got a smoking leather armour
  6903 | D:8      | Identified the +4 leather armour of the Constellations {rF+ rC+ Str+4} (You found it on level 8 of the Dungeon)
  6927 | D:8      | Noticed a death yak
  6929 | D:8      | Found a staircase to the Lair.
  6930 | D:8      | Noticed a death yak
  6943 | D:8      | Noticed a death yak
  6943 | D:8      | Noticed a death yak
  6945 | D:8      | Noticed a death yak
  6945 | D:8      | Noticed a death yak
  6946 | D:8      | Noticed a death yak
  7298 | D:7      | Killed a death yak
  7298 | D:7      | Reached skill level 12 in Axes
  7298 | D:7      | Reached XP level 10. HP: 91/91 MP: 9/9
  7576 | D:9      | Found a bloodstained altar of Trog.
  7724 | D:9      | Found a shimmering altar of Xom.
  7724 | D:9      | Found a shimmering altar of Xom.
  7744 | D:9      | You fall through a shaft for 3 floors!
  7812 | D:12     | Noticed a cyclops
  7849 | D:11     | Found a sacrificial altar of Ru.
  7911 | D:10     | Entered Level 10 of the Dungeon
  7911 | D:10     | Noticed a two-headed ogre
  7923 | D:10     | Killed a two-headed ogre
  7987 | D:10     | Slain by an ogre

Skill      XL: |  1  2  3  4  5  6  7  8  9 10 |
---------------+-------------------------------+-----
Fighting       | 4 5 6 7 8 9 |  9.7
Axes           | 4 5 6 7 9 10 12 | 12.6
Armour         | 4 5 7 |  7.9
Dodging        | 3 5 6 7 |  7.1

Action                   |  1- 3 |  4- 6 |  7- 9 | 10-12 || total
-------------------------+-------+-------+-------+-------++-------
Melee: Hand axe          |   103 |       |       |       ||   103
       Headbutt          |    35 |    19 |    52 |     9 ||   115
       War axe           |    16 |    85 |   285 |    44 ||   430
Invok: Berserk           |     1 |       |     4 |     1 ||     6
       Brothers in Arms  |       |       |     2 |     2 ||     4
  Use: Scroll            |       |       |     8 |       ||     8
  Eat: Chunk             |       |     6 |    15 |     3 ||    24
       Ration            |       |       |     1 |     1 ||     2
Armor: Ring mail         |    21 |    21 |    13 |       ||    55
       Chain mail        |       |       |   113 |    28 ||   141
Dodge: Dodged            |    54 |    47 |   118 |    27 ||   246
